 Dungeon Crawl Stone Soup version 0.21.1-1-g345015fe64 (webtiles) character file.

549 Knicklaso the Twirler (level 7, -10/56 HPs)
             Began as a Demonspawn Wanderer on Apr 11, 2018.
             Was a Follower of Qazlal.
             Mangled by a mummy (14 damage)
             ... in an ossuary.
             The game lasted 00:11:48 (3321 turns).

Knicklaso the Twirler (Demonspawn Wanderer)         Turns: 3321, Time: 00:11:49

Health: -10/56     AC:  9    Str: 15    XL:     7   Next: 7%
Magic:  0/7        EV:  6    Int: 13    God:    Qazlal [*.....]
Gold:   157        SH:  1    Dex: 12    Spells: 6/6 levels left

rFire    . . .     SeeInvis .   a - +2 quarterstaff
rCold    . . .     Gourm    .   (shield currently unavailable)
rNeg     . . .     Faith    .   c - +0 chain mail
rPois    .         Spirit   +   (helmet restricted)
rElec    .         Reflect  .   (no cloak)
rCorr    .         Harm     .   n - +0 pair of gloves
MR       .....                  (no boots)
Stlth    ..........             (no amulet)
HPRegen  0.18/turn              (no ring)
MPRegen  0.10/turn              (no ring)

@: no status effects
A: horns 1, talons 1, magic shield, rot immunity
a: Renounce Religion


You were in an ossuary.
You worshipped Qazlal.
Qazlal was aware of your devotion.
You were near starving.

You visited 1 branch of the dungeon, and saw 4 of its levels.
You also visited: Ossuary.

You collected 157 gold pieces.

Inventory:

Hand Weapons
 a - a +2 quarterstaff (weapon)
Armour
 c - a +0 chain mail (worn)
 d - a +0 robe
 i - a +0 scale mail
 n - a +0 pair of gloves (worn)
 v - a cursed +0 leather armour
Jewellery
 r - an uncursed ring of ice {unknown}
Scrolls
 b - 7 scrolls of identify {unknown}
 k - a scroll of blinking {unknown}
 l - a scroll of magic mapping
 p - 2 scrolls of teleportation {unknown}
 q - a scroll of fog {unknown}
 u - a scroll of enchant armour {unknown}
 w - a scroll of random uselessness {unknown}
 x - 2 scrolls of immolation {unknown}
Potions
 e - 4 potions of curing {unknown}
 g - a potion of haste {unknown}
 h - a potion of might {unknown}
 j - 2 potions of ambrosia {unknown}
 m - 2 potions of flight {unknown}
 o - a potion of brilliance {unknown}
 s - a potion of magic {unknown}
 t - 2 potions of cancellation {unknown}
 z - a potion of degeneration {unknown}
Comestibles
 f - 8 rations


   Skills:
 + Level 5.2 Fighting
   Level 1.7(4.1) Maces & Flails
 * Level 5.8(6.0) Staves
 - Level 1.0 Dodging
   Level 1.0 Shields
   Level 1.0 Evocations


You had 6 spell levels left.
You didn't know any spells.

Dungeon Overview and Level Annotations

Branches:
Dungeon (4/15)             Temple (0/1) D:4

Altars:
Cheibriados
Dithmenos
Makhleb
Okawaru
Qazlal
Uskayaw
Wu Jian


Innate Abilities, Weirdness & Mutations

You have a pair of small horns on your head.
You have sharp toenails.
When hurt, damage is shared between your health and your magic reserves.
You are immune to rotting.


Message History

You hit the mummy but do no damage. Your kick misses the mummy.
The mummy is moderately damaged.
The mummy hits you!
You hit the mummy. You claw the mummy.
The mummy is severely damaged.
You barely miss the mummy. Your headbutt misses the mummy.
The mummy is severely damaged.
The mummy hits you!
* * * LOW HITPOINT WARNING * * *
You barely miss the mummy. Your headbutt misses the mummy.
The mummy is severely damaged.
The mummy hits you!
* * * LOW HITPOINT WARNING * * *
You hit the mummy. You claw the mummy.
The mummy is almost destroyed.
Your chain mail prevents you from hitting the mummy.
You headbutt the mummy.
The mummy is almost destroyed.
The mummy hits you!
You die...

##.....## ##.+
##.......###..###
#.........#...'.#
+....⌠....'...###
#.....M...#...'.#
##.......###..###
##.Z...## ##.'.#
###'### #M### #.#
##@## ##.## #...#
#.∩.# #...# #.∩.#
##### #####


You could see a mummy.

Vanquished Creatures
  The ghost of DildoBatman the Skirmisher, an amateur FoEn (D:3)
  2 centaur zombies (Ossuary)
  A human zombie (Ossuary)
  2 orc priests
  An orc wizard (D:3)
  A big kobold zombie (Ossuary)
  4 mummies (Ossuary)
  3 adders
  A worm (D:3)
  3 dart slugs
  A leopard gecko (D:3)
  7 orcs (D:3)
  A ball python (D:1)
  4 giant cockroaches
  2 goblins
  6 hobgoblins
  5 quokkas
  6 bats
  5 frilled lizards
  4 kobolds
  A kobold zombie (Ossuary)
  5 rats
66 creatures vanquished.

Notes
Turn   | Place    | Note
-------+----------+-------------------------------------------
     0 | D:1      | Knicklaso the Demonspawn Wanderer began the quest for the Orb.
     0 | D:1      | Knicklaso set off with: a +2 quarterstaff, a +0 spear, a +0 mace, a +0 robe, a ration
     0 | D:1      | Reached XP level 1. HP: 18/18 MP: 1/1
   304 | D:1      | Gained mutation: You have sharp toenails. [demonic ancestry]
   304 | D:1      | Reached XP level 2. HP: 24/24 MP: 2/2
   666 | D:2      | Found an iron altar of Okawaru.
   713 | D:2      | Gained mutation: When hurt, damage is shared between your health and your magic reserves. [demonic ancestry]
   713 | D:2      | Reached XP level 3. HP: 25/29 MP: 3/3
   923 | D:2      | Found a hide-covered altar of Uskayaw.
   924 | D:2      | Found a shadowy altar of Dithmenos.
   924 | D:2      | Found a stormy altar of Qazlal.
   924 | D:2      | Found an ornate altar of the Wu Jian Council.
   926 | D:2      | Found a snail-covered altar of Cheibriados.
   927 | D:2      | Found a burning altar of Makhleb.
   938 | D:2      | Became a worshipper of Qazlal Stormbringer
  1556 | D:2      | Gained mutation: You are immune to rotting. [demonic ancestry]
  1556 | D:2      | Reached XP level 4. HP: 11/37 MP: 1/4
  1950 | D:3      | Gained mutation: You have a pair of small horns on your head. [demonic ancestry]
  1950 | D:3      | Reached XP level 5. HP: 42/42 MP: 5/5
  2030 | D:3      | Noticed DildoBatman's ghost (amateur FoEn)
  2495 | D:3      | Killed DildoBatman's ghost
  2495 | D:3      | Reached skill level 5 in Staves
  2495 | D:3      | Reached XP level 6. HP: 27/50 MP: 3/6
  3084 | D:4      | Found a sand-covered staircase.
  3090 | Ossuary  | Entered an ossuary
  3141 | Ossuary  | Reached * piety under Qazlal
  3152 | Ossuary  | Reached skill level 5 in Fighting
  3234 | Ossuary  | Reached XP level 7. HP: 14/56 MP: 2/7
  3321 | Ossuary  | Mangled by a mummy

Skill      XL: |  1  2  3  4  5  6 |
---------------+-------------------+-----
Staves         | 2 3 4 5 |  5.8
Fighting       | 4 5 |  5.2
Maces & Flails | |  1.7
Dodging        | |  1.0
Shields        | |  1.0
Evocations     | |  1.0

Action                   |  1- 3 |  4- 6 |  7- 9 || total
-------------------------+-------+-------+-------++-------
Melee: Quarterstaff      |    73 |   129 |     9 ||   211
       Kick              |    13 |    26 |     2 ||    41
       Headbutt          |       |    19 |     2 ||    21
  Use: Scroll            |       |     1 |       ||     1
  Eat: Chunk             |     2 |     4 |       ||     6
Armor: Robe              |     3 |       |       ||     3
       Scale mail        |    23 |    26 |       ||    49
       Chain mail        |       |    20 |     1 ||    21
Dodge: Dodged            |    32 |    35 |     1 ||    68
Block: Other             |       |     1 |       ||     1
